TOP OF THE 1ST |
Santa Clarita Music batting - Pitching for Ottawa Fat Cats : RHP Ricardo Montero
|
Pitching: RHP Ricardo Montero
|
|
Batting: RHB Art Cameron
|
0-0: Ball 1-0: Ball 2-0: Called Strike 2-1: Foul Ball, location: 2F 2-2: Foul Ball, location: 2F 2-2: SINGLE (Groundball, 6MD)
|
Batting: RHB Travis Colbert
|
0-0: Ball Art Cameron steals 2nd base 1-0: SINGLE (Line Drive, 34D) Art Cameron to third Runner from 3rd tries for Home, SAFE, no throw or cutoff
|
Batting: LHB Rubén Salazar
|
0-0: Grounds out, U3 (Groundball, 3L)
|
Batting: RHB Steve Burton
|
0-0: Called Strike 0-1: Ball 1-1: Ground out 4-3 (Groundball, 4) Travis Colbert to third
|
Batting: RHB António Martínez
|
0-0: Ball 1-0: Swinging Strike 1-1: Ball 2-1: Ball 3-1: Fly out, F8 (Flyball, 8RM)
|
Top of the 1st over - 1 run(s), 2 hit(s), 0 error(s), 1 left on base; Santa Clarita 1 - Ottawa 0 |
BOTTOM OF THE 1ST |
Ottawa Fat Cats batting - Pitching for Santa Clarita Music : LHP Pedro Beleza
|
Pitching: LHP Pedro Beleza
|
|
Batting: LHB Eric Dillard
|
0-0: Ball 1-0: Fly out, F9 (Flyball, 9M)
|
Batting: RHB Luis Reynoso
|
0-0: Fly out, F5 (Popup, 5S)
|
Batting: LHB Juan Hernández
|
0-0: Foul Ball, location: 2F 0-1: SINGLE (Flyball, 7S)
|
Batting: LHB Brent Haynes
|
0-0: Called Strike 0-1: Ground out U3 (Groundball, 3S)
|
Bottom of the 1st over - 0 run(s), 1 hit(s), 0 error(s), 1 left on base; Santa Clarita 1 - Ottawa 0 |
TOP OF THE 2ND |
Santa Clarita Music batting - Pitching for Ottawa Fat Cats : RHP Ricardo Montero
|
Batting: RHB Ricardo González
|
0-0: SINGLE (Line Drive, 89M)
|
Batting: RHB Rickey Núñez
|
0-0: Grounds into double play, 4-6-3 (Groundball, 4)
|
Batting: RHB Adam Gentry
|
0-0: Foul Ball, location: 2F 0-1: Swinging Strike 0-2: Foul Ball, location: 2F 0-2: Foul Ball, location: 2F 0-2: Strikes out swinging
|
Top of the 2nd over - 0 run(s), 1 hit(s), 0 error(s), 0 left on base; Santa Clarita 1 - Ottawa 0 |
BOTTOM OF THE 2ND |
Ottawa Fat Cats batting - Pitching for Santa Clarita Music : LHP Pedro Beleza
|
Batting: RHB Ismael Hidalgo
|
0-0: Ball 1-0: Called Strike 1-1: Ball 2-1: Fly out, F8 (Flyball, 8LS)
|
Batting: LHB Hidalgo García
|
0-0: Foul Ball, location: 2F 0-1: Ball 1-1: Ball 2-1: Swinging Strike 2-2: Foul Ball, location: 2F 2-2: Foul Ball, location: 2F 2-2: Ball 3-2: Fly out, F5 (Popup, 5SF)
|
Batting: LHB Wayne Rogers
|
0-0: Ball 1-0: Fly out, F7 (Flyball, 7M)
|
Bottom of the 2nd over - 0 run(s), 0 hit(s), 0 error(s), 0 left on base; Santa Clarita 1 - Ottawa 0 |
TOP OF THE 3RD |
Santa Clarita Music batting - Pitching for Ottawa Fat Cats : RHP Ricardo Montero
|
Batting: RHB Jake Belcher
|
0-0: Foul Ball, location: 2F 0-1: Ground out 6-3 (Groundball, 6)
|
Batting: RHB Art Cameron
|
0-0: Ball 1-0: Foul Ball, location: 2F 1-1: Swinging Strike 1-2: Ball 2-2: Foul Ball, location: 2F 2-2: Foul Ball, location: 2F 2-2: Strikes out swinging
|
Batting: RHB Travis Colbert
|
0-0: Fly out, F7 (Flyball, 7D)
|
Top of the 3rd over - 0 run(s), 0 hit(s), 0 error(s), 0 left on base; Santa Clarita 1 - Ottawa 0 |
BOTTOM OF THE 3RD |
Ottawa Fat Cats batting - Pitching for Santa Clarita Music : LHP Pedro Beleza
|
Batting: RHB Ramiro Santana
|
0-0: Swinging Strike 0-1: Called Strike 0-2: Strikes out looking
|
Batting: SHB António Ramírez
|
0-0: Called Strike 0-1: Ball 1-1: Foul Ball, location: 2F 1-2: Fly out, F6 (Popup, 6M)
|
Batting: LHB Eric Dillard
|
0-0: Foul Ball, location: 2F 0-1: Foul Ball, location: 2F 0-2: Strikes out looking
|
Bottom of the 3rd over - 0 run(s), 0 hit(s), 0 error(s), 0 left on base; Santa Clarita 1 - Ottawa 0 |
TOP OF THE 4TH |
Santa Clarita Music batting - Pitching for Ottawa Fat Cats : RHP Ricardo Montero
|
Batting: LHB Rubén Salazar
|
0-0: Ground out 6-3 (Groundball, 6M)
|
Batting: RHB Steve Burton
|
0-0: Ball 1-0: Foul Ball, location: 2F 1-1: Ball 2-1: Ball 3-1: Foul Ball, location: 2F 3-2: Base on Balls
|
Batting: RHB António Martínez
|
0-0: Ball 1-0: Ball 2-0: Foul Ball, location: 2F 2-1: SINGLE (Groundball, 4D) Steve Burton to second Runner from 2nd tries for 3rd, SAFE, no throw or cutoff
|
Batting: RHB Ricardo González
|
0-0: Ball 1-0: Ball 2-0: Swinging Strike 2-1: Foul Ball, location: 2F 2-2: Strikes out swinging
|
Batting: RHB Rickey Núñez
|
0-0: Ball 1-0: Swinging Strike 1-1: Fly out, F9 (Popup, 9LS)
|
Top of the 4th over - 0 run(s), 1 hit(s), 0 error(s), 2 left on base; Santa Clarita 1 - Ottawa 0 |
BOTTOM OF THE 4TH |
Ottawa Fat Cats batting - Pitching for Santa Clarita Music : LHP Pedro Beleza
|
Batting: RHB Luis Reynoso
|
0-0: Ball 1-0: Fly out, F3 (Popup, 3S)
|
Batting: LHB Juan Hernández
|
0-0: Foul Ball, location: 2F 0-1: Swinging Strike 0-2: Strikes out swinging
|
Batting: LHB Brent Haynes
|
0-0: Called Strike 0-1: Foul Ball, location: 2F 0-2: Foul Ball, location: 2F 0-2: Ball 1-2: Ball 2-2: Fly out, F5 (Popup, 2L)
|
Bottom of the 4th over - 0 run(s), 0 hit(s), 0 error(s), 0 left on base; Santa Clarita 1 - Ottawa 0 |
TOP OF THE 5TH |
Santa Clarita Music batting - Pitching for Ottawa Fat Cats : RHP Ricardo Montero
|
Batting: RHB Adam Gentry
|
0-0: Called Strike 0-1: Fly out, F7 (Line Drive, 7M)
|
Batting: RHB Jake Belcher
|
0-0: Ball 1-0: Foul Ball, location: 2F 1-1: Foul Ball, location: 2F 1-2: DOUBLE (Line Drive, 5L)
|
Batting: RHB Art Cameron
|
0-0: Intentional Walk
|
Batting: RHB Travis Colbert
|
0-0: Foul Ball, location: 2F 0-1: Ball 1-1: Called Strike Jake Belcher steals 3rd base Art Cameron to second 1-2: Ball 2-2: Ball 3-2: Fly out, F8 (Flyball, 8LM) Runner from 3rd tags up, SCORES, no throw
|
Batting: LHB Rubén Salazar
|
0-0: Swinging Strike 0-1: Called Strike 0-2: SINGLE (Line Drive, 89S) Art Cameron to third Runner from 3rd tries for Home, SAFE, no throw or cutoff
|
Batting: RHB Steve Burton
|
0-0: Called Strike Rubén Salazar is caught stealing 2nd base
|
Top of the 5th over - 2 run(s), 2 hit(s), 0 error(s), 0 left on base; Santa Clarita 3 - Ottawa 0 |
BOTTOM OF THE 5TH |
Ottawa Fat Cats batting - Pitching for Santa Clarita Music : LHP Pedro Beleza
|
Batting: RHB Ismael Hidalgo
|
0-0: Swinging Strike 0-1: Ball 1-1: Ball 2-1: Ball 3-1: Called Strike 3-2: Strikes out swinging
|
Batting: LHB Hidalgo García
|
0-0: Ball 1-0: Ball 2-0: Ball 3-0: Called Strike 3-1: Ground out 3-1 (Groundball, 34)
|
Batting: LHB Wayne Rogers
|
0-0: Ground out 3-1 (Groundball, 34)
|
Bottom of the 5th over - 0 run(s), 0 hit(s), 0 error(s), 0 left on base; Santa Clarita 3 - Ottawa 0 |
TOP OF THE 6TH |
Santa Clarita Music batting - Pitching for Ottawa Fat Cats : RHP Ricardo Montero
|
Batting: RHB Steve Burton
|
0-0: Called Strike 0-1: Swinging Strike 0-2: Ball 1-2: DOUBLE (Line Drive, 7LM)
|
Batting: RHB António Martínez
|
0-0: Intentional Walk
|
Pitching: RHP Dave Mitchell
|
|
Batting: RHB Ricardo González
|
0-0: SINGLE (Groundball, 4M) Steve Burton to third António Martínez to second
|
Batting: RHB Rickey Núñez
|
0-0: Called Strike 0-1: Swinging Strike 0-2: Foul Ball, location: 2F 0-2: Ball 1-2: Foul Ball, location: 2F 1-2: Ball 2-2: Ball 3-2: Strikes out swinging
|
Batting: RHB Adam Gentry
|
0-0: Called Strike 0-1: Foul Ball, location: 2F 0-2: Ball 1-2: Ball 2-2: Strikes out swinging
|
Batting: RHB Jake Belcher
|
0-0: Ball 1-0: Fly out, F8 (Flyball, 8LM)
|
Top of the 6th over - 0 run(s), 2 hit(s), 0 error(s), 3 left on base; Santa Clarita 3 - Ottawa 0 |
BOTTOM OF THE 6TH |
Ottawa Fat Cats batting - Pitching for Santa Clarita Music : LHP Pedro Beleza
|
Batting: RHB Ramiro Santana
|
0-0: Ball 1-0: Called Strike 1-1: Ground out 4-3 (Groundball, 4)
|
Batting: SHB António Ramírez
|
0-0: Ball 1-0: Ball 2-0: Called Strike 2-1: Called Strike 2-2: Ground out 5-3 (Groundball, 56)
|
Batting: LHB Eric Dillard
|
0-0: Swinging Strike 0-1: Ball 1-1: Ball 2-1: Foul Ball, location: 2F 2-2: Ball 3-2: Foul Ball, location: 2F 3-2: Fly out, F8 (Flyball, 8LM)
|
Bottom of the 6th over - 0 run(s), 0 hit(s), 0 error(s), 0 left on base; Santa Clarita 3 - Ottawa 0 |
TOP OF THE 7TH |
Santa Clarita Music batting - Pitching for Ottawa Fat Cats : RHP Dave Mitchell
|
Batting: RHB Art Cameron
|
0-0: Ball 1-0: Called Strike 1-1: Ground out 6-3 (Groundball, 6)
|
Batting: RHB Travis Colbert
|
0-0: Called Strike 0-1: Ball 1-1: Foul Ball, location: 2F 1-2: Foul Ball, location: 2F 1-2: Ground out 1-3 (Groundball, 15S)
|
Batting: LHB Rubén Salazar
|
0-0: Ball 1-0: Ball 2-0: SINGLE (Flyball, 78S)
|
Batting: RHB Steve Burton
|
0-0: Ball 1-0: Called Strike 1-1: Ball 2-1: TRIPLE (Line Drive, 89XD) Rubén Salazar scores
|
Batting: RHB António Martínez
|
0-0: Intentional Walk
|
Batting: RHB Ricardo González
|
0-0: Ball 1-0: Ball 2-0: Swinging Strike 2-1: Swinging Strike 2-2: Ground out 4-3 (Groundball, 4)
|
Top of the 7th over - 1 run(s), 2 hit(s), 0 error(s), 2 left on base; Santa Clarita 4 - Ottawa 0 |
BOTTOM OF THE 7TH |
Ottawa Fat Cats batting - Pitching for Santa Clarita Music : LHP Pedro Beleza
|
Batting: RHB Luis Reynoso
|
0-0: Called Strike 0-1: Foul Ball, location: 2F 0-2: Ball 1-2: Ball 2-2: Ball 3-2: Foul Ball, location: 2F 3-2: Fly out, F4 (Popup, 6MD)
|
Batting: LHB Juan Hernández
|
0-0: Called Strike 0-1: Ball 1-1: Ball 2-1: Ball 3-1: DOUBLE (Line Drive, 7LS)
|
Pitching: LHP Jorge Gatán
|
|
Pinch Runner at 2nd Felipe Rivera:
|
|
Batting: LHB Brent Haynes
|
0-0: Ball 1-0: Ball 2-0: Called Strike 2-1: Swinging Strike 2-2: Foul Ball, location: 2F 2-2: Ball 3-2: Base on Balls
|
Batting: RHB Ismael Hidalgo
|
0-0: Swinging Strike 0-1: Ball 1-1: SINGLE (Groundball, 56S) (infield hit) Felipe Rivera to third Brent Haynes to second
|
Batting: LHB Hidalgo García
|
0-0: Ball 1-0: Ball 2-0: Ball 3-0: Called Strike 3-1: Swinging Strike 3-2: SINGLE (Groundball, 13) (infield hit) Felipe Rivera scores Brent Haynes to third Ismael Hidalgo to second
|
Batting: LHB Wayne Rogers
|
0-0: Ball 1-0: Ground out 3-1 (Groundball, 34) Brent Haynes scores Ismael Hidalgo to third Hidalgo García to second
|
Batting: RHB Ramiro Santana
|
0-0: Ground out U3 (Groundball, 3S)
|
Bottom of the 7th over - 2 run(s), 3 hit(s), 0 error(s), 2 left on base; Santa Clarita 4 - Ottawa 2 |
TOP OF THE 8TH |
Santa Clarita Music batting - Pitching for Ottawa Fat Cats : RHP Dave Mitchell
|
Pitching: RHP Ken Edwards
|
|
Now in CF: Felipe Rivera
|
|
Batting: RHB Rickey Núñez
|
0-0: Ball 1-0: Ground out 1-3 (Groundball, 15)
|
Batting: RHB Adam Gentry
|
0-0: Swinging Strike 0-1: Swinging Strike 0-2: Strikes out swinging
|
Batting: RHB Jake Belcher
|
0-0: Ground out 6-3 (Groundball, 6)
|
Top of the 8th over - 0 run(s), 0 hit(s), 0 error(s), 0 left on base; Santa Clarita 4 - Ottawa 2 |
BOTTOM OF THE 8TH |
Ottawa Fat Cats batting - Pitching for Santa Clarita Music : LHP Jorge Gatán
|
Batting: SHB António Ramírez
|
0-0: Ball 1-0: Ball 2-0: Called Strike 2-1: Ball 3-1: Base on Balls
|
Pinch Runner at 1st Lawrence Howard:
|
|
Batting: LHB Eric Dillard
|
0-0: Called Strike 0-1: Swinging Strike 0-2: Strikes out swinging
|
Batting: RHB Luis Reynoso
|
0-0: Ball 1-0: Swinging Strike 1-1: Ball 2-1: Foul Ball, location: 2F 2-2: Strikes out looking
|
Batting: LHB Felipe Rivera
|
0-0: Ball 1-0: Ball 2-0: Called Strike 2-1: Foul Ball, location: 2F 2-2: Ball 3-2: Foul Ball, location: 2F 3-2: Strikes out swinging
|
Bottom of the 8th over - 0 run(s), 0 hit(s), 0 error(s), 1 left on base; Santa Clarita 4 - Ottawa 2 |
TOP OF THE 9TH |
Santa Clarita Music batting - Pitching for Ottawa Fat Cats : RHP Ken Edwards
|
Pitching: RHP Iván Maldonado
|
|
Now at SS: Justin Tubridy
|
|
Batting: RHB Art Cameron
|
0-0: Called Strike 0-1: Ball 1-1: Foul Ball, location: 2F 1-2: Foul Ball, location: 2F 1-2: Ball 2-2: Ball 3-2: Ground out 6-3 (Groundball, 6)
|
Batting: RHB Travis Colbert
|
0-0: Swinging Strike 0-1: Ball 1-1: Ball 2-1: Swinging Strike 2-2: Foul Ball, location: 2F 2-2: Strikes out swinging
|
Batting: LHB Rubén Salazar
|
0-0: Ball 1-0: Ball 2-0: Foul Ball, location: 2F 2-1: DOUBLE (Flyball, 89M)
|
Batting: RHB Steve Burton
|
0-0: Ball 1-0: Called Strike 1-1: Called Strike 1-2: Ball 2-2: Strikes out swinging
|
Top of the 9th over - 0 run(s), 1 hit(s), 0 error(s), 1 left on base; Santa Clarita 4 - Ottawa 2 |
|